 Dungeon Crawl Stone Soup version 0.21.1-1-g345015fe64 (webtiles) character file.

104 Ludini the Changer (level 4, 0/32 HPs)
             Began as a Demonspawn Transmuter on Mar 4, 2018.
             Was an Initiate of Cheibriados.
             Splashed by a jelly's acid (1 damage)
             ... on level 3 of the Dungeon.
             The game lasted 00:08:15 (3892 turns).

Ludini the Changer (Demonspawn Transmuter)          Turns: 3892, Time: 00:08:16

Health: 0/32       AC: -2    Str: 10 (11) XL:     4   Next: 52%
Magic:  7/7        EV: 12    Int: 16 (17) God:    Cheibriados [......]
Gold:   88         SH:  0    Dex: 11 (14) Spells: 3/7 levels left

rFire    . . .     SeeInvis .   g - +0 dagger
rCold    . . .     Gourm    .   (no shield)
rNeg     . . .     Faith    +   b - +0 robe
rPois    .         Spirit   .   (no helmet)
rElec    .         Reflect  .   (no cloak)
rCorr    .         Harm     .   (no gloves)
MR       .....                  (boots currently unavailable)
Stlth    +.........             m - amulet of faith
HPRegen  0.10/turn              (no ring)
MPRegen  0.10/turn              (no ring)

@: appendage, corroded, very slow
A: talons 3, powered by pain 1
a: End Transformation, Bend Time, Renounce Religion


You were on level 3 of the Dungeon.
You worshipped Cheibriados.
Cheibriados was noncommittal.
You were not hungry.
You had grown temporary talons.
You visited 1 branch of the dungeon, and saw 3 of its levels.

You collected 88 gold pieces.

Inventory:

Hand Weapons
 g - a +0 dagger (weapon)
Missiles
 a - 30 arrows
Armour
 b - a +0 robe (worn)
Jewellery
 j - an uncursed ring of ice
 m - an amulet of faith (around neck)
Scrolls
 h - 4 scrolls of remove curse
 i - a scroll of enchant weapon {unknown}
 k - 3 scrolls of identify
Potions
 e - a potion of might
Books
 c - a book of Changes

   Spells                             Type                      Level
   a - Beastly Appendage              Transmutation                1
   b - Sticks to Snakes               Transmutation                2
   c - Spider Form                    Transmutation/Poison         3
   d - Ice Form                       Ice/Transmutation            4
   e - Blade Hands                    Transmutation                5
Comestibles
 d - 8 rations


   Skills:
 - Level 1.0 Fighting
 - Level 1.7 Dodging
 - Level 2.6 Unarmed Combat
 + Level 2.0 Spellcasting
 * Level 4.1 Transmutations
 + Level 1.2 Poison Magic


You had 3 spell levels left.
You knew the following spells:

 Your Spells              Type           Power        Failure   Level  Hunger
a - Beastly Appendage     Tmut           ##....       3%          1    #......
b - Spider Form           Tmut/Pois      ##........   21%         3    ###....


Dungeon Overview and Level Annotations

Branches:
Dungeon (3/15)

Altars:
Cheibriados
Qazlal


Innate Abilities, Weirdness & Mutations

You sometimes gain a little power by taking damage.
You have claws for feet.


Message History

Your horns disappear.
The jelly quivers.
Cast which spell? (? or * to list)
Your feet morph into talons.
The jelly closely misses you.
You hit the jelly.
Your hands burn!
The jelly is lightly wounded.
The jelly hits you.
You are splashed with acid!
The acid burns!
You focus on the pain.
You feel your power returning.
You hit the jelly.
Your hands burn!
You claw the jelly.
The jelly is heavily wounded.
The jelly hits you. The acid corrodes you!
You are splashed with acid!
The acid burns!
* * * LOW HITPOINT WARNING * * *
You hit the jelly but do no damage.
Your hands burn!
* * * LOW HITPOINT WARNING * * *
The jelly is heavily wounded.
The jelly closely misses you.
You hit the jelly but do no damage.
Your hands burn!
You die...

#.......##...>...####
###.######.......# #...#
#........#
#...####..##.##.####
#.<.#......#.......#
#####..........#..#.##.#
#...................##.#
...............#..#.....
#......@....#..#..####.#
#####..J#.###..>..####.#
#..................#
#...#######....#####
#.$?# ####.# ## ##.##
##.####. .. #....... ##
##.####. ### ##


You could see a jelly.

Vanquished Creatures
  5 adders (D:2)
  An adder zombie (D:3)
  3 worms
  2 leopard geckos
  A giant cockroach (D:2)
  9 goblins
  6 hobgoblins
  4 bats
  4 frilled lizards
  3 kobolds
  A leopard gecko skeleton (D:3)
  8 rats
47 creatures vanquished.

Notes
Turn   | Place    | Note
-------+----------+-------------------------------------------
     0 | D:1      | Ludini the Demonspawn Transmuter began the quest for the Orb.
     0 | D:1      | Reached XP level 1. HP: 15/15 MP: 3/3
   112 | D:1      | Reached skill level 2 in Transmutations
   324 | D:1      | Gained mutation: You sometimes gain a little power by taking damage. [demonic ancestry]
   324 | D:1      | Reached XP level 2. HP: 10/21 MP: 3/5
  1332 | D:1      | Reached skill level 3 in Transmutations
  1935 | D:2      | Reached XP level 3. HP: 20/26 MP: 6/6
  2332 | D:2      | Learned a level 3 spell: Spider Form
  2931 | D:2      | Found a snail-covered altar of Cheibriados.
  2954 | D:2      | Reached skill level 1 in Poison Magic
  2954 | D:2      | Reached XP level 4. HP: 32/32 MP: 0/7
  3010 | D:2      | Became a worshipper of Cheibriados the Contemplative
  3265 | D:2      | Reached skill level 4 in Transmutations
  3612 | D:3      | Found a stormy altar of Qazlal.
  3891 | D:3      | HP: 1/32 [acid (3)]
  3892 | D:3      | Splashed by a jelly's acid

Skill      XL: |  1  2  3  4 |
---------------+-------------+-----
Transmutations | 2 3 4 |  4.1
Poison Magic   | 1 |  1.2
Fighting       | |  1.0
Dodging        | |  1.7
Unarmed Combat | |  2.6
Spellcasting   | |  2.0

Action                   |  1- 3 |  4- 6 || total
-------------------------+-------+-------++-------
Melee: Unarmed           |    27 |     9 ||    36
       Club              |     7 |       ||     7
       Dagger            |   138 |    66 ||   204
       Kick              |     9 |     1 ||    10
       Headbutt          |     5 |     2 ||     7
       Punch             |     2 |       ||     2
 Cast: Beastly Appendage |    24 |     3 ||    27
       Spider Form       |     2 |     3 ||     5
  Use: Potion            |     5 |     1 ||     6
       Scroll            |       |     5 ||     5
 Stab: Sleeping          |     2 |       ||     2
  Eat: Chunk             |     7 |     4 ||    11
Armor: Robe              |    25 |    14 ||    39
       Skin              |     1 |       ||     1
Dodge: Dodged            |   112 |    44 ||   156
